[Event "Titled Tuesday Blitz September 27 Early 2022"]
[White "Ozer, Omer Faruk"]
[Black "Kamsky, Gata"]
[WhiteFideId "6354564"]
[BlackFideId "2000024"]
[WhiteElo "2053"]
[BlackElo "2666"]
[Result "1/2-1/2"]
[Round "02"]
[TimeControl "180+1"]
[Date "2022.09.27"]
[WhiteClock "0:00:15"]
[BlackClock "0:00:05"]

1. e4 c5 2. Nf3 e6 3. d3 Nc6 4. g3 e5 5. Bg2 Nf6 6. O-O Be7 7. Nh4 g6 8. f4 exf4 9. Bxf4 d5 10. Nc3 dxe4 11. dxe4 O-O 12. Nf3 Bg4 13. h3 Qxd1 14. Raxd1 Bxf3 15. Bxf3 Nd4 16. e5 Nd7 17. Nd5 Bd8 18. Bg4 Nb6 19. c4 Nxc4 20. b4 Ne6 21. bxc5 Nxc5 22. Rc1 b5 23. Be2 Ne6 24. a4 a6 25. Bxc4 bxc4 26. Rxc4 Kg7 27. Rb1 Ra7 28. Rc6 h5 29. Be3 Ra8 30. Rb7 Re8 31. Rd6 Ba5 32. Rdd7 Nd8 33. Bg5 Nxb7 34. Rxb7 Bd8 35. Bf4 Re6 36. Kg2 Rc8 37. h4 Kf8 38. Ne3 Re7 39. Rb3 Rd7 40. Kf3 Kg7 41. Ke4 Rc5 42. Rb8 Bc7 43. Rb7 Re7 44. Nd5 Rd7 45. Nf6 Rd8 46. Ra7 Rc4+ 47. Kf3 a5 48. Ne4 Rc8 49. Nd6 Bxd6 50. exd6 Rd8 51. Rxa5 Rd7 52. Ke3 f6 53. Kd3 Rb4 54. Kc3 Re4 55. Kb3 Kf7 56. Rc5 Ke6 57. a5 Re1 58. Kb4 Rb1+ 59. Ka4 Rdb7 60. Rc3 R1b4+ 61. Ka3 R4b5 62. Re3+ Kd5 63. Ka4 Rb4+ 64. Ka3 Rb1 65. Ka2 R1b5 66. a6 Ra5+ 67. Ra3 Rxa3+ 68. Kxa3 Ra7 69. Kb4 Kc6 70. Ka5 Ra8 71. d7 Kxd7 72. Kb6 Rg8 73. a7 Ra8 74. Bb8 Kc8 75. Kc6 g5 76. hxg5 fxg5 77. Kd5 h4 78. gxh4 gxh4 79. Ke4 Rxb8 80. axb8=Q+ Kxb8 81. Kf3 Kc7 82. Kg4 Kd6 83. Kxh4 1/2-1/2


[Site "https://www.chess.com"]

[Event "Titled Tuesday Blitz September 27 Early 2022"]
[White "Papp, Levente"]
[Black "Sethuraman, S.P."]
[WhiteFideId "751243"]
[BlackFideId "5021596"]
[WhiteElo "2341"]
[BlackElo "2425"]
[Result "0-1"]
[Round "02"]
[TimeControl "180+1"]
[Date "2022.09.27"]
[WhiteClock "0:00:02"]
[BlackClock "0:00:57"]

1. c4 e6 2. Nf3 d5 3. b3 Nf6 4. g3 c5 5. Bg2 d4 6. O-O Nc6 7. e3 Be7 8. Bb2 e5 9. exd4 exd4 10. d3 O-O 11. Re1 h6 12. Nbd2 Bf5 13. Ne4 Nxe4 14. dxe4 Be6 15. Re2 a6 16. Ne1 b5 17. Rc1 bxc4 18. bxc4 Ne5 19. Qa4 Rb8 20. Ba3 d3 21. Rd2 Qd4 22. Rcd1 Bg5 23. Nf3 Nxf3+ 24. Bxf3 Bxd2 25. Rxd2 Bxc4 26. Qa5 Bb5 27. Bb2 Qb4 0-1


[Site "https://www.chess.com"]

[Event "Titled Tuesday Blitz September 27 Early 2022"]
[White "Perez Gormaz, Matias"]
[Black "Balkum, Alexander"]
[WhiteFideId "3406342"]
[BlackFideId "2005069"]
[WhiteElo "2341"]
[BlackElo "2345"]
[Result "1-0"]
[Round "02"]
[TimeControl "180+1"]
[Date "2022.09.27"]
[WhiteClock "0:00:06"]
[BlackClock "0:00:02"]

1. Nf3 Nf6 2. g3 g6 3. b3 Bg7 4. Bb2 O-O 5. Bg2 d6 6. d4 Nbd7 7. O-O c5 8. c4 Rb8 9. Nc3 a6 10. a4 b6 11. Re1 Bb7 12. e4 cxd4 13. Nxd4 Rc8 14. Qc2 Ba8 15. Rad1 Nc5 16. h3 Re8 17. Kh2 Qc7 18. Re2 Nfd7 19. Nd5 Qb8 20. f4 Nf6 21. Rde1 e5 22. fxe5 dxe5 23. Nf3 Nxd5 24. exd5 f6 25. h4 Qd6 26. Bh3 Rc7 27. Ba3 a5 28. Nd4 Rce7 29. Nb5 Qb8 30. Qc3 f5 31. Bxc5 bxc5 32. Qxa5 e4 33. d6 Rf7 34. Nc7 Rd8 35. Qxc5 Bf8 36. Nb5 Rf6 37. Qc7 Bxd6 38. Qxb8 Bxb8 39. Bg2 Re8 40. Kh3 f4 41. gxf4 Rxf4 42. Nc3 Bb7 43. Bxe4 Bc8+ 44. Kg2 Rxh4 45. Bd5+ Kg7 46. Rxe8 Rh2+ 47. Kg1 Bh3 48. Rxb8 Kh6 49. Rb7 1-0


[Site "https://www.chess.com"]

[Event "Titled Tuesday Blitz September 27 Early 2022"]
[White "Perez Ponsa, Federico"]
[Black "Maksimenko, Viktor"]
[WhiteFideId "117927"]
[BlackFideId "13710478"]
[WhiteElo "2604"]
[BlackElo "2269"]
[Result "0-1"]
[Round "02"]
[TimeControl "180+1"]
[Date "2022.09.27"]
[WhiteClock "0:00:41"]
[BlackClock "0:01:00"]

1. d4 Nf6 2. c4 e6 3. Nc3 Bb4 4. Qc2 d5 5. cxd5 exd5 6. Bg5 h6 7. Bh4 g5 8. Bg3 c5 9. dxc5 Nc6 10. e3 Ne4 11. Ne2 Bf5 12. Qc1 O-O 13. a3 Nxc5 14. Nd4 Nxd4 15. exd4 Re8+ 16. Be5 Nb3 17. Qd1 Bxc3+ 18. bxc3 Nxa1 19. Bb5 Nc2+ 20. Kf1 Re6 21. h4 g4 22. Bd3 Bxd3+ 23. Qxd3 Nxa3 24. Qf5 Rg6 25. h5 Rg5 26. Qf4 f5 27. g3 Nc4 28. Kg2 Nxe5 29. dxe5 Qe7 30. Rd1 Rd8 31. c4 d4 32. Re1 Qe6 33. c5 Rg7 34. Kh2 d3 35. Rd1 Rgd7 36. Rd2 Rd4 37. Qe3 R4d5 38. c6 bxc6 39. Qxa7 Rxe5 40. Rb2 f4 41. gxf4 Rxh5+ 42. Kg3 Rh3+ 43. Kg2 Qe4+ 44. f3 Qxf3+ 0-1


[Site "https://www.chess.com"]

[Event "Titled Tuesday Blitz September 27 Early 2022"]
[White "Pham, Khoi"]
[Black "Winkels, Marcel"]
[WhiteFideId "1054988"]
[BlackFideId "1003887"]
[WhiteElo "2441"]
[BlackElo "1900"]
[Result "1-0"]
[Round "02"]
[TimeControl "180+1"]
[Date "2022.09.27"]
[WhiteClock "0:00:34"]
[BlackClock "0:00:02"]

1. d4 Nf6 2. c4 g6 3. Nc3 d5 4. cxd5 Nxd5 5. Na4 Bg7 6. e4 Nb6 7. Nxb6 axb6 8. Be3 O-O 9. Bc4 Nd7 10. Ne2 c5 11. O-O e5 12. dxc5 bxc5 13. Nc3 Nb6 14. Bb3 Qc7 15. Qe2 Bd7 16. Rac1 Rac8 17. Rfd1 Rfd8 18. Nd5 Nxd5 19. Bxd5 b6 20. b4 Bf8 21. Qc4 Be8 22. Qb3 Qb8 23. Bg5 Rd7 24. Bf6 cxb4 25. Bxe5 Rd6 26. Rxc8 Qxc8 27. Bxd6 Bxd6 28. Bc4 Qc7 29. g3 b5 30. Bd5 Qc3 31. Rd3 Qe1+ 32. Kg2 Bc5 33. Rf3 Kg7 34. Qb2+ Kh6 35. Qf6 Qd2 36. Rf4 Qd4 37. Rh4# 1-0


[Site "https://www.chess.com"]

[Event "Titled Tuesday Blitz September 27 Early 2022"]
[White "Piesik, Piotr"]
[Black "Begunov, Konstantin"]
[WhiteFideId "1136194"]
[BlackFideId "4118510"]
[WhiteElo "2221"]
[BlackElo "2165"]
[Result "1-0"]
[Round "02"]
[TimeControl "180+1"]
[Date "2022.09.27"]
[WhiteClock "0:01:04"]
[BlackClock "0:00:04"]

1. Nf3 d5 2. g3 c6 3. Bg2 Bg4 4. O-O Nd7 5. d3 e5 6. Nbd2 Ngf6 7. e4 dxe4 8. dxe4 Bc5 9. h3 Bh5 10. Qe1 Qe7 11. Nb3 Bb6 12. a4 a5 13. Bd2 Nc5 14. Nxc5 Bxc5 15. Bxa5 Nxe4 16. b4 Nxg3 17. bxc5 Nxf1 18. Kxf1 e4 19. Nd4 O-O 20. Bb4 f5 21. a5 Rae8 22. a6 f4 23. f3 bxa6 24. Qxe4 1-0


[Site "https://www.chess.com"]

[Event "Titled Tuesday Blitz September 27 Early 2022"]
[White "Pinero Rodriguez, Carlos Jose"]
[Black "Czernek, Tymon"]
[WhiteFideId "3901726"]
[BlackFideId "1199510"]
[WhiteElo "2053"]
[BlackElo "2007"]
[Result "0-1"]
[Round "02"]
[TimeControl "180+1"]
[Date "2022.09.27"]
[WhiteClock "0:00:40"]
[BlackClock "0:00:09"]

1. e4 c5 2. Nf3 d6 3. d4 cxd4 4. Nxd4 Nf6 5. Nc3 a6 6. Bg5 e6 7. f4 h6 8. Bh4 Qb6 9. a3 Be7 10. Bf2 Qc7 11. Qe2 Nbd7 12. O-O-O b5 13. g4 Bb7 14. Bg2 g5 15. f5 e5 16. Nb3 Nb6 17. h4 gxh4 18. Bxh4 Rc8 19. Kb1 Nc4 20. Rd3 Bc6 21. Rhd1 a5 22. Bxf6 Bxf6 23. Nd5 Bxd5 24. Rxd5 Rb8 25. Nd2 O-O 26. Bf1 Rfc8 27. Nxc4 bxc4 28. Rxd6 Be7 29. Rd7 Rxb2+ 30. Kxb2 Qb6+ 31. Kc1 Bg5+ 32. Qd2 Bxd2+ 33. R1xd2 c3 34. R2d3 Qb2+ 35. Kd1 Qb1+ 36. Ke2 Qxc2+ 37. Kf3 Qb1 38. Bh3 c2 39. g5 Qh1+ 40. Kg3 c1=Q 41. Rd8+ Rxd8 42. Rxd8+ Kh7 43. g6+ Kg7 44. f6+ Kxg6 45. Bf5+ 0-1


[Site "https://www.chess.com"]

[Event "Titled Tuesday Blitz September 27 Early 2022"]
[White "Pinheiro, Iung Alicio de O."]
[Black "Samunenkov, Ihor"]
[WhiteFideId "2104350"]
[BlackFideId "14187086"]
[WhiteElo "2283"]
[BlackElo "2441"]
[Result "0-1"]
[Round "02"]
[TimeControl "180+1"]
[Date "2022.09.27"]
[WhiteClock "0:00:10"]
[BlackClock "0:00:09"]

1. e4 c6 2. Nc3 d5 3. Nf3 dxe4 4. Nxe4 Nf6 5. Qe2 Nxe4 6. Qxe4 Nd7 7. Bc4 Nf6 8. Ne5 e6 9. Qe2 b5 10. Bb3 Qc7 11. d4 Bd6 12. Bf4 O-O 13. Bg3 a5 14. a4 Ba6 15. O-O bxa4 16. Bc4 Bxc4 17. Qxc4 a3 18. b3 Ne4 19. Rfe1 Nxg3 20. hxg3 c5 21. Nf3 Rfd8 22. Rxa3 cxd4 23. Qxc7 Bxc7 24. Ra4 Bb6 25. Rea1 Rac8 26. R1a2 d3 27. c4 e5 28. Nd2 f5 29. g4 g6 30. gxf5 gxf5 31. g4 fxg4 32. c5 Rxc5 33. Rxg4+ Kf7 34. Nc4 Rxc4 35. Rxc4 d2 36. Rxd2 Rxd2 37. Rc6 Bxf2+ 38. Kf1 Bd4 39. Rh6 Rb2 40. Rxh7+ Ke6 41. Ra7 Bxa7 0-1


[Site "https://www.chess.com"]

[Event "Titled Tuesday Blitz September 27 Early 2022"]
[White "Pourkashiyan, Atousa"]
[Black "Khoroshev, Nikita"]
[WhiteFideId "12502014"]
[BlackFideId "14200287"]
[WhiteElo "2247"]
[BlackElo "2354"]
[Result "0-1"]
[Round "02"]
[TimeControl "180+1"]
[Date "2022.09.27"]
[WhiteClock "0:00:11"]
[BlackClock "0:02:25"]

1. e4 e5 2. Nf3 Nc6 3. Bb5 a6 4. Ba4 Nf6 5. O-O b5 6. Bb3 Bb7 7. Re1 Bc5 8. c3 Bb6 9. h3 h6 10. d3 O-O 11. Nbd2 Re8 12. Nf1 d5 13. Ng3 dxe4 14. dxe4 Qxd1 15. Rxd1 Rad8 16. Be3 Bxe3 17. fxe3 Rxd1+ 18. Rxd1 Na5 19. Nd2 Rd8 20. Kf1 Nxb3 21. axb3 Nxe4 22. Ngxe4 Bxe4 23. Ke1 Bxg2 24. h4 Kf8 25. Ra1 Bb7 26. b4 Ke7 27. Nb3 Rd6 28. Nc5 Bc8 29. Ke2 f5 30. Rg1 Kf6 31. h5 Kf7 32. e4 f4 33. Kf3 g6 34. hxg6+ Rxg6 35. Rd1 Bg4+ 0-1


[Site "https://www.chess.com"]

[Event "Titled Tuesday Blitz September 27 Early 2022"]
[White "Priasmoro, Novendra"]
[Black "Kukreja, Sankalp"]
[WhiteFideId "7105029"]
[BlackFideId "45027676"]
[WhiteElo "2309"]
[BlackElo "2004"]
[Result "1-0"]
[Round "02"]
[TimeControl "180+1"]
[Date "2022.09.27"]
[WhiteClock "0:00:38"]
[BlackClock "0:01:01"]

1. e4 c5 2. Nf3 g6 3. d4 cxd4 4. Qxd4 Nf6 5. Nc3 Nc6 6. Qa4 d6 7. e5 dxe5 8. Nxe5 Bd7 9. Nxd7 Nxd7 10. Bb5 Bg7 11. Bxc6 bxc6 12. Qxc6 O-O 13. O-O Rc8 14. Qa6 Qb6 15. Qa3 Qc5 16. Qxc5 Nxc5 17. Be3 Bxc3 18. bxc3 Ne4 19. Bxa7 Nxc3 20. a4 Ra8 21. Bc5 Rfc8 22. Bxe7 Rxa4 23. Rxa4 Nxa4 24. Rc1 Nc3 25. Kf1 Na2 26. Rd1 Rxc2 27. Rd8+ Kg7 28. Bf8+ Kf6 29. Rd6+ Ke5 30. Ra6 Nc3 31. Bg7+ Ke4 32. g3 Nd1 33. Rf6 Rc7 34. Ke1 Nc3 35. Rf4+ Kd5 36. Bxc3 Rxc3 37. Rxf7 h5 38. Rf6 Ke4 39. Rxg6 Kf3 40. Rf6+ Kg2 41. h4 Rc1+ 42. Ke2 Rc2+ 43. Ke3 Rc3+ 44. Ke4 Rc2 45. Rf4 Rc4+ 46. Kf5 Rc2 47. Kg6 Rc5 48. Rf5 Rxf5 49. Kxf5 Kxf2 50. Kg5 Kxg3 51. Kxh5 Kf4 52. Kg6 Kg4 53. h5 1-0


[Site "https://www.chess.com"]

[Event "Titled Tuesday Blitz September 27 Early 2022"]
[White "Principe, Gerson"]
[Black "Tarnowska, Aleksandra"]
[WhiteFideId "3804550"]
[BlackFideId "1180967"]
[WhiteElo "2280"]
[BlackElo "1700"]
[Result "1-0"]
[Round "02"]
[TimeControl "180+1"]
[Date "2022.09.27"]
[WhiteClock "0:01:24"]
[BlackClock "0:00:02"]

1. d4 d5 2. Nf3 Nf6 3. c4 e6 4. Nc3 Bb4 5. cxd5 exd5 6. Bg5 O-O 7. e3 Bg4 8. Bd3 h6 9. Bh4 c6 10. Qc2 Nbd7 11. h3 Be6 12. g4 Bxc3+ 13. bxc3 c5 14. g5 hxg5 15. Nxg5 cxd4 16. cxd4 Rc8 17. Qd2 Qc7 18. Bg3 Qc3 19. Rd1 Qxd2+ 20. Kxd2 Nb6 21. Rb1 Rfe8 22. Rhg1 Kf8 23. Bd6+ Kg8 24. Be5 Kh8 25. Bxf6 gxf6 26. Nf3 Nc4+ 27. Ke2 f5 28. Rg5 b5 29. Rbg1 Rg8 30. Rh5# 1-0


[Site "https://www.chess.com"]

[Event "Titled Tuesday Blitz September 27 Early 2022"]
[White "Przybylski, Wojciech"]
[Black "Quirke, Jeffrey"]
[WhiteFideId "1117599"]
[BlackFideId "2013029"]
[WhiteElo "2133"]
[BlackElo "2149"]
[Result "1-0"]
[Round "02"]
[TimeControl "180+1"]
[Date "2022.09.27"]
[WhiteClock "0:00:03"]
[BlackClock "0:00:01"]

1. e4 c5 2. Nf3 g6 3. c4 Bg7 4. Nc3 Nc6 5. g3 e6 6. Bg2 Nge7 7. O-O O-O 8. d3 d6 9. Bg5 Qd7 10. Qd2 Re8 11. a3 b6 12. Bh6 Bh8 13. Rab1 a5 14. Nb5 Bb7 15. b4 axb4 16. axb4 d5 17. bxc5 bxc5 18. exd5 exd5 19. Ng5 dxc4 20. Qf4 Nf5 21. Bh3 Nce7 22. Qxc4 Qd5 23. Qxd5 Bxd5 24. Bxf5 Nxf5 25. Nc7 Nxh6 26. Nxd5 Rad8 27. Nf4 Nf5 28. Rfe1 Nd4 29. Kg2 h6 30. Ne4 Ne6 31. Nxe6 Rxe6 32. Nxc5 Rc6 33. Rbc1 Bb2 34. Rc2 Rd5 35. Re8+ Kg7 36. Rxb2 Rcxc5 37. Rd2 Rc3 38. Re3 h5 39. h4 Kf6 40. Kf3 Kf5 41. Ke2 f6 42. Ra2 Rb3 43. Ra4 g5 44. hxg5 fxg5 45. Ra8 Kg4 46. Ra4+ Kf5 47. Rc4 Rb2+ 48. Kf3 g4+ 49. Kg2 Kg5 50. Rc8 Rf5 51. Rg8+ Kh6 52. Re6+ Kh7 53. Rd8 Rfxf2+ 54. Kg1 Rg2+ 55. Kf1 Rxg3 56. Rd7+ 1-0


[Site "https://www.chess.com"]

[Event "Titled Tuesday Blitz September 27 Early 2022"]
[White "Rama, Tejas"]
[Black "Brodowski, Piotr"]
[WhiteFideId "30907381"]
[BlackFideId "1124480"]
[WhiteElo "1513"]
[BlackElo "2312"]
[Result "0-1"]
[Round "02"]
[TimeControl "180+1"]
[Date "2022.09.27"]
[WhiteClock "0:00:02"]
[BlackClock "0:00:20"]

1. d4 d6 2. Nf3 g6 3. c4 Bg7 4. Nc3 Nc6 5. e4 Bg4 6. Be3 e5 7. d5 Nd4 8. Be2 Bxf3 9. Bxf3 Ne7 10. Nb5 c5 11. Nc3 O-O 12. Be2 f5 13. f3 h6 14. a3 g5 15. exf5 Nexf5 16. Bf2 a6 17. Rb1 b5 18. O-O Rb8 19. b4 cxb4 20. axb4 bxc4 21. Bxc4 Qc7 22. Qd3 Rbc8 23. Bxa6 Qxc3 24. Qe4 Rb8 25. b5 Nb3 26. Rfd1 Nd2 27. Qb4 Nxb1 28. Qxb1 Nd4 29. Kh1 Qc2 30. Qa1 Qxf2 0-1


[Site "https://www.chess.com"]

[Event "Titled Tuesday Blitz September 27 Early 2022"]
[White "Reyes, Narquingden"]
[Black "Bryakin, Mikhail"]
[WhiteFideId "5217334"]
[BlackFideId "4165314"]
[WhiteElo "2313"]
[BlackElo "2357"]
[Result "1-0"]
[Round "02"]
[TimeControl "180+1"]
[Date "2022.09.27"]
[WhiteClock "0:00:51"]
[BlackClock "0:01:10"]

1. d4 Nf6 2. Nf3 d5 3. c3 g6 4. h3 Bg7 5. Bf4 O-O 6. e3 c5 7. Nbd2 Qb6 8. Qb3 c4 9. Qa3 Nc6 10. b3 cxb3 11. axb3 Nd7 12. Be2 e5 13. Bg3 e4 14. Nh2 f5 15. O-O Nf6 16. c4 Be6 17. c5 Qd8 18. b4 Rf7 19. b5 Ne7 20. Rfc1 g5 21. Be5 Ng6 22. f4 exf3 23. Nhxf3 h6 24. c6 Ne4 25. Bxg7 Kxg7 26. Nxe4 fxe4 27. Ne5 Nxe5 28. dxe5 Qb6 29. Qc5 Qxc5 30. Rxc5 b6 31. Rc3 Re8 32. Bh5 d4 33. exd4 Bd5 34. Bxf7 Kxf7 35. Rxa7+ 1-0


[Site "https://www.chess.com"]

[Event "Titled Tuesday Blitz September 27 Early 2022"]
[White "Riehle, Marco"]
[Black "Bettalli, Francesco"]
[WhiteFideId "12904392"]
[BlackFideId "2816453"]
[WhiteElo "2462"]
[BlackElo "2216"]
[Result "0-1"]
[Round "02"]
[TimeControl "180+1"]
[Date "2022.09.27"]
[WhiteClock "0:00:38"]
[BlackClock "0:00:10"]

1. e4 e5 2. Nf3 Nf6 3. Nxe5 Nc6 4. Nf3 Nxe4 5. Nc3 d5 6. d4 Bb4 7. Bd2 Bg4 8. Nxe4 dxe4 9. Bxb4 Nxb4 10. Qe2 Qe7 11. a3 Nc6 12. O-O-O exf3 13. gxf3 Qxe2 14. Bxe2 Bf5 15. d5 Ne7 16. Bb5+ Bd7 17. Be2 O-O-O 18. c4 Ng6 19. Rhg1 Nf4 20. Bf1 Rhg8 21. h4 h6 22. Rd4 g5 23. hxg5 hxg5 24. b4 Rde8 25. Kb2 Ne2 26. Bxe2 Rxe2+ 27. Kc3 Rxf2 28. Rg3 f5 29. b5 b6 30. a4 Kb7 31. a5 a6 32. axb6 cxb6 33. bxa6+ Kxa6 34. Kb4 Rg6 35. Kc3 g4 36. fxg4 Rxg4 37. Re3 Rxd4 38. Kxd4 Rf4+ 39. Kd3 Kb7 40. Re7 Kc8 41. Rf7 Rh4 42. Kc3 Kc7 43. Rf6 Re4 44. Kd3 Re1 45. Kd4 Rd1+ 46. Kc3 Rb1 47. Kd4 Kd8 48. d6 Ke8 49. Kd5 Rd1+ 50. Ke5 Re1+ 51. Kd5 Rd1+ 52. Ke5 Bc6 53. Rxf5 Re1+ 54. Kd4 Kd7 55. Rf6 Re6 56. Rf8 Rxd6+ 57. Kc3 Kc7 58. Rf7+ Bd7 59. Rf8 Kc6 60. Kb4 Rh6 61. Rf1 Rh4 62. Rf6+ Kc7 63. Kb3 Bc6 64. Rf7+ Kd6 65. Rf6+ Kc7 66. Rf7+ Bd7 67. Rf6 Re4 68. Rh6 Be6 69. Rh7+ Kc6 70. Rh6 Kc5 71. Rh5+ Kd6 72. Rh6 Kc7 73. Rh7+ Kb8 74. Rh6 Kb7 75. Kc3 Rxc4+ 76. Kd3 Rc6 77. Kd4 Bc8 78. Rh7+ Rc7 79. Rh8 Bd7 80. Rh1 b5 81. Rh6 Rc6 82. Rh7 Rc7 83. Rh6 Bc6 84. Kc5 Be8+ 85. Kb4 Rc4+ 86. Kb3 Bc6 87. Rh8 Kb6 88. Rb8+ Kc5 89. Rh8 Rd4 90. Rh5+ Bd5+ 91. Kc3 b4+ 92. Kb2 Rd2+ 93. Kc1 Rd3 94. Kc2 Rc3+ 95. Kb2 Rb3+ 96. Kc2 Rg3 97. Kb2 Rg2+ 98. Kc1 Kc4 99. Rh4+ Kb3 100. Rh3+ Ka4 101. Rh5 Bc4 102. Rh4 Bd3 103. Rh3 Be4 104. Rh4 Bf3 105. Rf4 Bd5 106. Rf5 Bb3 107. Rf8 Ka3 108. Rf6 Bc4 109. Rf4 b3 110. Rxc4 b2+ 111. Kb1 Rg1+ 112. Kc2 b1=Q+ 113. Kc3 Rg3+ 114. Kd4 Qd1+ 115. Kc5 Rg5+ 116. Kb6 Qd6+ 117. Rc6 Qb8+ 118. Ka6 Qb5+ 119. Ka7 Rg7+ 120. Rc7 Rxc7+ 0-1


[Site "https://www.chess.com"]

[Event "Titled Tuesday Blitz September 27 Early 2022"]
[White "Rios Escobar, Adan"]
[Black "Manukyan, Sargis A."]
[WhiteFideId "3403645"]
[BlackFideId "13303970"]
[WhiteElo "2327"]
[BlackElo "2187"]
[Result "1-0"]
[Round "02"]
[TimeControl "180+1"]
[Date "2022.09.27"]
[WhiteClock "0:00:16"]
[BlackClock "0:00:15"]

1. d4 e6 2. c4 c5 3. d5 exd5 4. cxd5 a6 5. a4 d6 6. Nc3 Ne7 7. g3 Ng6 8. Bg2 Be7 9. Nf3 O-O 10. O-O Nd7 11. h3 Rb8 12. a5 Re8 13. Kh2 Bf6 14. Re1 b5 15. axb6 Rxb6 16. e4 Nde5 17. Nxe5 Nxe5 18. f4 Nc4 19. Qe2 Rb4 20. e5 dxe5 21. Na2 Nd6 22. Nxb4 exf4 23. Qf2 fxg3+ 24. Qxg3 Rxe1 25. Qxe1 cxb4 26. Bf4 Bxb2 27. Rd1 Bc3 28. Qg3 Nf5 29. Qd3 g5 30. Be4 gxf4 31. Bxf5 Bxf5 32. Qxf5 Qf6 33. Rg1+ Kf8 34. Qc8+ Ke7 35. Qb7+ Kd6 36. Qxa6+ Kxd5 37. Rd1+ Ke4 38. Qd3+ Ke5 39. Qd5# 1-0


[Site "https://www.chess.com"]

[Event "Titled Tuesday Blitz September 27 Early 2022"]
[White "Roque Sola, Gisela"]
[Black "Zenin, Dmitry"]
[WhiteFideId "5120241"]
[BlackFideId "4127897"]
[WhiteElo "1845"]
[BlackElo "2215"]
[Result "1-0"]
[Round "02"]
[TimeControl "180+1"]
[Date "2022.09.27"]
[WhiteClock "0:00:17"]
[BlackClock "0:00:10"]

1. e4 e5 2. Nf3 Nc6 3. Bb5 a6 4. Ba4 Nf6 5. O-O Be7 6. Re1 b5 7. Bb3 d6 8. c3 O-O 9. h3 Na5 10. Bc2 c5 11. d4 Bb7 12. d5 Nc4 13. b3 Nb6 14. Nbd2 g6 15. c4 Bc8 16. Qe2 Bd7 17. Nf1 Nh5 18. g4 Nf4 19. Bxf4 exf4 20. e5 dxe5 21. Nxe5 Bd6 22. Nxd7 Qxd7 23. Nd2 Rae8 24. Qf3 bxc4 25. bxc4 Rxe1+ 26. Rxe1 Re8 27. Ne4 Kg7 28. Qb3 Nc8 29. Rb1 Qe7 30. Qb7 f5 31. gxf5 gxf5 32. Qxe7+ Rxe7 33. Nxd6 Nxd6 34. Rb6 Nxc4 35. Rxa6 f3 36. Bxf5 Re1+ 37. Kh2 Rd1 38. Be6 Nd2 39. Kg3 Rg1+ 40. Kf4 Rf1 41. Ke3 Nc4+ 42. Kxf3 Re1 43. Ra7+ Kf6 44. Rxh7 Ne5+ 45. Kg2 Ra1 46. Rh6+ Ke7 47. Rh5 Kd6 48. Rh8 c4 49. Rd8+ Ke7 50. Rc8 Rxa2 51. h4 Kd6 52. h5 Ra7 53. f4 Rg7+ 54. Kf1 Nd3 55. Rxc4 Rh7 56. Rc6+ 1-0


[Site "https://www.chess.com"]

[Event "Titled Tuesday Blitz September 27 Early 2022"]
[White "Rose, Felix"]
[Black "Gracia Alvarez, Gerardo Antonio"]
[WhiteFideId "5105722"]
[BlackFideId "5109124"]
[WhiteElo "2039"]
[BlackElo "2139"]
[Result "0-1"]
[Round "02"]
[TimeControl "180+1"]
[Date "2022.09.27"]
[WhiteClock "0:00:17"]
[BlackClock "0:00:22"]

1. e4 c5 2. Nf3 Nc6 3. d4 cxd4 4. Nxd4 Nf6 5. Nc3 e5 6. Ndb5 h6 7. Nd6+ Bxd6 8. Qxd6 Qe7 9. Qxe7+ Kxe7 10. Be2 d6 11. Be3 Be6 12. O-O-O a6 13. f3 Rhc8 14. Rd2 Na5 15. Rhd1 Rc6 16. g4 b5 17. a3 Rac8 18. h4 Ne8 19. Nd5+ Bxd5 20. exd5 Nb3+ 21. Kb1 Nxd2+ 22. Rxd2 R6c7 23. Bb6 Rb7 24. Ba5 Nf6 25. h5 Rc5 26. Bd3 Rxd5 27. Re2 e4 28. f4 Kd7 29. Bxe4 Rd1+ 30. Ka2 Nxe4 31. Rxe4 Rb8 32. Bc3 f6 33. g5 Rf8 34. a4 Rd5 35. axb5 axb5 36. Rb4 hxg5 37. fxg5 Rxg5 38. Rh4 Rh8 39. h6 Rxh6 40. Bxf6 Rxh4 41. Bxg5 Rg4 42. Be3 Re4 43. Bg5 Re5 44. Bf4 Rf5 45. Be3 g5 46. Kb1 Rf1+ 47. Ka2 g4 48. Kb3 Rf3 0-1


[Site "https://www.chess.com"]

[Event "Titled Tuesday Blitz September 27 Early 2022"]
[White "Rosen, Eric"]
[Black "Wirig, Anthony"]
[WhiteFideId "2032562"]
[BlackFideId "615013"]
[WhiteElo "2362"]
[BlackElo "2474"]
[Result "1-0"]
[Round "02"]
[TimeControl "180+1"]
[Date "2022.09.27"]
[WhiteClock "0:00:08"]
[BlackClock "0:00:09"]

1. d4 Nf6 2. Bf4 d6 3. Nc3 g6 4. e4 Bg7 5. Qd2 c6 6. O-O-O h6 7. h3 b5 8. Bd3 b4 9. Nce2 Qb6 10. Nf3 Ba6 11. e5 dxe5 12. Nxe5 Bxd3 13. Qxd3 O-O 14. g4 Nd5 15. Bd2 a5 16. h4 a4 17. h5 g5 18. f4 b3 19. cxb3 axb3 20. a3 Qb5 21. fxg5 Qxd3 22. Nxd3 hxg5 23. Bxg5 Nd7 24. h6 Bf6 25. Bd2 Kh7 26. g5 Bh8 27. Rdf1 e5 28. dxe5 Nxe5 29. Nxe5 Bxe5 30. Rh3 Kg6 31. Rxb3 f6 32. Rg1 f5 33. Kb1 f4 34. Rf3 Rf5 35. Rc1 Ra6 36. Rh1 Ra7 37. Rc1 Ra6 38. Rh3 Rf7 39. Rch1 Rh7 40. Rf1 Rf7 41. Rh4 Kxg5 42. Rhh1 Kg6 43. h7 Ra8 44. Rfg1+ Kf5 45. Rg8 Rff8 46. Rh5+ Kf6 47. h8=Q+ Ke7 48. Qxe5+ Kd7 49. Rxf8 Rxf8 50. Rh7+ Kc8 51. Nxf4 Rd8 52. Qe6+ Kb8 53. Qxc6 1-0


[Site "https://www.chess.com"]

[Event "Titled Tuesday Blitz September 27 Early 2022"]
[White "Rosenberg, Evan S"]
[Black "Adewumi, Tanitoluwa"]
[WhiteFideId "2019299"]
[BlackFideId "30966396"]
[WhiteElo "2366"]
[BlackElo "2588"]
[Result "0-1"]
[Round "02"]
[TimeControl "180+1"]
[Date "2022.09.27"]
[WhiteClock "0:00:06"]
[BlackClock "0:00:06"]

1. Nf3 Nf6 2. c4 e6 3. Nc3 d5 4. d4 Be7 5. Bg5 c6 6. e3 h6 7. Bf4 O-O 8. Qc2 b6 9. Rd1 Bb7 10. a3 Nbd7 11. cxd5 exd5 12. Bd3 c5 13. O-O Re8 14. h3 Nf8 15. Ne5 Ne6 16. Bg3 cxd4 17. exd4 Nxd4 18. Qa4 Ne6 19. Rfe1 Nc5 20. Qc2 Nxd3 21. Qxd3 Bc5 22. b4 Bd6 23. Qf5 Qc8 24. Qxc8 Raxc8 25. Nb5 Bb8 26. f4 Ne4 27. Bh2 f6 28. Nf3 a6 29. Nbd4 Bd6 30. Nf5 Bf8 31. Ne3 Nc3 32. Rd3 a5 33. Nf5 Rxe1+ 34. Nxe1 axb4 35. axb4 Bxb4 36. Nc2 Bc5+ 37. Kf1 Ba6 38. Ne1 Re8 39. Bg3 Rxe1+ 40. Kxe1 Bxd3 41. Nh4 Ne4 42. Bh2 Bb4+ 43. Kd1 Bc3 44. Nf3 b5 45. g4 b4 46. Bg1 b3 47. Nd4 b2 48. Nf5 b1=R# 0-1


[Site "https://www.chess.com"]

[Event "Titled Tuesday Blitz September 27 Early 2022"]
[White "Rostovtsev, Dmitry"]
[Black "Buscar, Michael"]
[WhiteFideId "34278320"]
[BlackFideId "2603616"]
[WhiteElo "2313"]
[BlackElo "2010"]
[Result "1-0"]
[Round "02"]
[TimeControl "180+1"]
[Date "2022.09.27"]
[WhiteClock "0:00:51"]
[BlackClock "0:00:03"]

1. e4 c5 2. Nf3 Nc6 3. b3 Nf6 4. e5 Nd5 5. Bb2 Nc7 6. Nc3 Ne6 7. Bc4 d5 8. Bxd5 g6 9. O-O Bg7 10. Re1 O-O 11. Bxc6 bxc6 12. d3 Nd4 13. h3 Nxf3+ 14. Qxf3 c4 15. dxc4 Qc7 16. Na4 Bf5 17. g4 Be6 18. Nc5 Rad8 19. Rad1 Bc8 20. Qe3 Rxd1 21. Rxd1 Rd8 22. Rxd8+ Qxd8 23. Qd4 Qa5 24. Bc3 Qc7 25. f4 h5 26. gxh5 Bxh3 27. hxg6 fxg6 28. Qd2 Qc8 29. e6 Bxc3 30. Qxc3 Bxe6 31. Kh2 Bf7 32. Qe5 Qg4 33. Qe3 Qh4+ 34. Kg2 Qg4+ 35. Kf2 Qh5 36. Qxe7 Qh2+ 37. Ke3 Qxc2 38. Nd7 Qc1+ 39. Kd4 Qxf4+ 40. Kc5 Qf5+ 41. Kxc6 Qf3+ 42. Kc7 Qf4+ 43. Kd8 Kg7 44. c5 g5 45. Ne5 Qd4+ 46. Kc8 1-0


[Site "https://www.chess.com"]